 Dungeon Crawl Stone Soup version bcrawl-1.21.3 (webtiles) character file.

Game seed: 5141352676152101730

42 funkygono the Sneak (level 3, -1/20 HPs)
             Began as a Gargoyle Archaeologist on Apr 9, 2020.
             Slain by Sigmund
             ... wielding a +5 antimagic scythe
              (6 damage)
             ... on level 2 of the Dungeon.
             The game lasted 00:02:19 (1091 turns).

funkygono the Sneak (Gargoyle Archaeologist)        Turns: 1091, Time: 00:02:19

Health: -1/20      AC: 15    Str: 15    XL:     3   Next: 56%
Magic:  1/3        EV:  7    Int: 14    God:
Gold:   121        SH:  0    Dex:  8    Spells: 2/2 levels left

rFire    . . .     SeeInvis .   k - +0 whip (drain)
rCold    . . .     Gourm    .   (no shield)
rNeg     + . .     Faith    .   i - +0 chain mail
rPois    ∞         Spirit   .   c - +1 hat
rElec    +         Reflect  .   n - +0 cloak
rCorr    .         Harm     .   (no gloves)
MR       .....                  d - +1 pair of boots
Stlth    ..........             (no amulet)
HPRegen  0.06/turn              (no ring)
MPRegen  0.08/turn              (no ring)

@: no status effects
A: negative energy resistance 1, electricity resistance, unbreathing,
petrification resistance, rot immunity, AC +3
a: no special abilities


You were on level 2 of the Dungeon.
You were not hungry.

You visited 1 branch of the dungeon, and saw 2 of its levels.

You collected 121 gold pieces.

Inventory:

Hand Weapons
 a - a +0 whip
 k - a +0 whip of draining (weapon)
Armour
 b - a +1 robe
 c - a +1 hat (worn)
 d - a +1 pair of boots (worn)
 i - a +0 chain mail (worn)
 n - a +0 cloak (worn)
Jewellery
 o - an uncursed ring of magical power {unknown}
Scrolls
 g - a scroll of magic mapping
 m - 2 scrolls of remove curse
Potions
 l - a potion of lignification {unknown}
Miscellaneous
 f - a dusty tome
Comestibles
 e - 3 rations {!d}
 h - 2 chunks of flesh


   Skills:
 + Level 1.2 Fighting
 + Level 1.5 Maces & Flails
 + Level 0.3 Armour
 + Level 2.8 Dodging
 + Level 4.5 Stealth


You had 2 spell levels left.
You didn't know any spells.
Your spell library was empty.

Dungeon Overview and Level Annotations

Branches:
Dungeon (2/12)

Altars:

Annotations:
D:2 Sigmund


Innate Abilities, Weirdness & Mutations

You are resistant to torment.
Your stone body is resilient. (AC +3)
You are immune to poison.
You resist negative energy. (rN+)
You are resistant to electric shocks. (rElec)
You can survive without breathing.
You are immune to petrification.
You are immune to rotting.


Message History

Deactivating autopickup; reactivate with Ctrl-A.
You're too confused to move!
You feel less confused. Something hits you but does no damage.
You miss something. You barely miss something.
You hear some strange, mumbled words.
A magic dart appears from out of thin air!
The magic dart hits you but does no damage.
You closely miss something. Something hits you.
You feel your power leaking away.
You miss something. Something hits you but does no damage.
You hit something. You barely miss something. Something hits you.
* * * LOW HITPOINT WARNING * * *
You miss something. Something hits you but does no damage.
You hit something. You completely miss something.
Something hits you but does no damage.
You miss something. Something hits you.
You die...

###...#............
#.#.#...##.########
#.#.#...##.........
+.............#
#.<......##.#.#
#.......###.#.#
#.#####.# #.#.# #
#.###.#.###
#.....@{..#
#.###.#.#.#
#.#..... #........
..###.##.# ## ..
... ### ##


There were no monsters in sight!

Vanquished Creatures
  An ooze (D:2)
  A worm (D:1)
  2 dart slugs (D:1)
  3 leopard geckos (D:1)
  A bat (D:1)
  A giant cockroach (D:2)
  3 goblins (D:1)
  3 hobgoblins
  3 kobolds (D:1)
  2 frilled lizards (D:1)
  8 rats
28 creatures vanquished.

Vanquished Creatures (others)
  4 toadstools (D:1)
4 creatures vanquished.

Grand Total: 32 creatures vanquished

Notes
Turn   | Place    | Note
-------+----------+-------------------------------------------
     0 | D:1      | funkygono the Gargoyle Archaeologist began the quest for
                  | the Orb.
     0 | D:1      | Reached XP level 1. HP: 12/12 MP: 1/1
   131 | D:1      | Reached skill level 4 in Stealth
   131 | D:1      | Reached XP level 2. HP: 9/16 MP: 2/2
   501 | D:1      | Reached XP level 3. HP: 20/20 MP: 3/3
  1065 | D:2      | Noticed Sigmund
  1091 | D:2      | Slain by Sigmund

Skill      XL: |  1 |
---------------+----+-----
Stealth        | 4 |  4.5
Fighting       | |  1.2
Maces & Flails | |  1.5
Armour         | |  0.3
Dodging        | |  2.8

Action                   || total
-------------------------++-------
Melee: Whip              ||   110
  Use: Scroll            ||     2
 Stab: Sleeping          ||     1
  Eat: Chunk             ||     1
Armor: Chain mail        ||    63
Dodge: Dodged            ||    35
